 Dungeon Crawl Stone Soup version 0.22-a0-782-g038298e (webtiles) character file.

69 iamserjio the Firebug (level 4, -2/24 HPs)
             Began as a Tengu Fire Elementalist on July 20, 2018.
             Slain by an adder (3 damage)
             ... on level 2 of the Dungeon.
             The game lasted 00:05:59 (690 turns).

iamserjio the Firebug (Tengu Fire Elementalist)      Turns: 690, Time: 00:06:00

Health: -2/24      AC:  2    Str:  8    XL:     4   Next: 20%
Magic:  0/8        EV: 12    Int: 17    God:
Gold:   80         SH:  0    Dex: 14    Spells: 3/8 levels left

rFire    . . .     SeeInvis .   j - +0 trident
rCold    . . .     Gourm    .   (no shield)
rNeg     . . .     Faith    .   a - +0 robe
rPois    .         Spirit   .   (helmet restricted)
rElec    .         Reflect  .   (no cloak)
rCorr    .         Harm     .   (no gloves)
MR       .....                  (boots unavailable)
Stlth    ++........             (no amulet)
HPRegen  0.08/turn              (no ring)
MPRegen  0.11/turn              (no ring)

@: very slightly contaminated
A: beak, talons 3
a: no special abilities


You were on level 2 of the Dungeon.
You were not hungry.

You visited 1 branch of the dungeon, and saw 3 of its levels.

You collected 80 gold pieces.

Inventory:

Hand Weapons
 d - a +0 short sword
 h - a +0 hunting sling
 j - a +0 trident (weapon)
 o - a +0 hunting sling
Missiles
 b - 48 stones (quivered)
Armour
 a - a +0 robe (worn)
 m - a +0 leather armour
Scrolls
 e - a scroll of enchant armour {unknown}
 g - a scroll of enchant weapon {unknown}
 i - a scroll of teleportation {unknown}
 k - 2 scrolls of identify {unknown}
 l - a scroll of immolation {unknown}
 p - 2 scrolls of remove curse {unknown}
Potions
 f - a potion of magic {unknown}
Comestibles
 c - 5 rations
 n - a chunk of flesh


   Skills:
 - Level 2.1 Dodging
 - Level 2.0 Stealth
 + Level 2.6 Spellcasting
 + Level 3.7 Conjurations
 + Level 0.2 Necromancy
 + Level 3.9 Fire Magic


You had 3 spell levels left.
You knew the following spells:

 Your Spells              Type           Power        Failure   Level  Hunger
a - Flame Tongue          Conj/Fire      ###..        3%          1    #......
b - Conjure Flame         Conj/Fire      ###.....     12%         3    ###....
c - Animate Skeleton      Necr           N/A          16%         1    #......

Your spell library contained the following spells:

 Spells                   Type           Power        Failure   Level  Hunger
 Fireball                 Conj/Fire      ###.......   71%         5    ######.
 Apportation              Tloc           #.....       19%         1    #......
 Throw Flame              Conj/Fire      ###...       6%          2    ##.....
 Summon Small Mammal      Summ           #...         19%         1    #......
 Sticky Flame             Conj/Fire      ###.....     36%         4    #####..
 Confusing Touch          Hex            #.....       19%         1    #......
 Inner Flame              Hex/Fire       #.......     24%         3    ###....


Dungeon Overview and Level Annotations

Branches:
Dungeon (3/15)

Altars:


Innate Abilities, Weirdness & Mutations

You have a beak for a mouth.
You have claws for feet.


Message History

Aim: an adder (severely wounded)
The flame tongue misses the adder.
The adder bites you.
* * * LOW HITPOINT WARNING * * *
Casting: Flame Tongue (safe; 3% risk of failure)
Confirm with . or Enter, or press ? or * to list all spells.
Aiming: Flame Tongue (safe; 3% risk of failure)
Press: ? - help, Shift-Dir - straight line, f/p - adder
Aim: an adder (severely wounded)
The flame tongue misses the adder.
The adder closely misses you. The adder bites you.
* * * LOW HITPOINT WARNING * * *
Casting: Flame Tongue (safe; 3% risk of failure)
Confirm with . or Enter, or press ? or * to list all spells.
Aiming: Flame Tongue (safe; 3% risk of failure)
Press: ? - help, Shift-Dir - straight line, f/p - adder
Aim: an adder (severely wounded)
The flame tongue misses the adder.
A bat comes into view.
The adder bites you.
You die...

... #.#..>.##...#
#.#.##...........#
b...........#....#
...........†#....#
#..........).......
#..#..†........##
###.........#.#..#
...................
#####.S@#####.#.###
.......%..........
#####..######.....
#.. ... #.. ...
.... ....#


You could see an adder and a bat.

Vanquished Creatures
  2 adders (D:2)
  An ooze (D:3)
  2 worms (D:2)
  2 leopard geckos
  3 orcs (D:3)
  A giant cockroach (D:2)
  3 hobgoblins
  2 jackals (D:3)
  4 kobolds
  7 bats
  2 frilled lizards
  5 goblins
  A rat (D:2)
35 creatures vanquished.

Notes
Turn   | Place    | Note
-------+----------+-------------------------------------------
     0 | D:1      | iamserjio the Tengu Fire Elementalist began the quest for the Orb.
     0 | D:1      | Reached XP level 1. HP: 10/10 MP: 4/4
   110 | D:1      | Reached XP level 2. HP: 11/15 MP: 1/6
   260 | D:2      | Reached XP level 3. HP: 15/19 MP: 3/7
   541 | D:3      | Learned a level 3 spell: Conjure Flame
   545 | D:3      | Learned a level 1 spell: Animate Skeleton
   563 | D:3      | Reached XP level 4. HP: 24/24 MP: 3/8
   689 | D:2      | HP: 1/24 [adder (2)]
   690 | D:2      | Slain by an adder

Vault maps used:
D:1:      matt_arrival_los_fun
D:2:      chequers_ecumenical_altar_simple
D:3:      nemelex_spade_bored_becter, uniq_terence

Skill      XL: |  1  2 |
---------------+-------+-----
Conjurations   | 2 3 |  3.7
Dodging        | |  2.1
Stealth        | |  2.0
Spellcasting   | |  2.6
Necromancy     | |  0.2
Fire Magic     | |  3.9

Action                   |  1- 3 |  4- 6 || total
-------------------------+-------+-------++-------
Melee: Short sword       |    28 |       ||    28
       Kick              |     6 |       ||     6
       Peck              |     3 |     2 ||     5
       Trident           |     7 |    12 ||    19
Throw: Stone             |     1 |       ||     1
 Cast: Flame Tongue      |    39 |    14 ||    53
Armor: Robe              |    18 |     4 ||    22
Dodge: Dodged            |    42 |     5 ||    47

Table legend:
 A = Spawn XP
 B = Non-spawn XP
 C = Spawn XP percentage of total XP
 D = Spawn monster count
 E = Non-spawn monster count
 F = Spawn count percentage of total count
 G = Total turns spent on level
                    A         B        C        D         E        F      G
               +---------+---------+-------+---------+---------+-------+---------
         Total |       0 |      99 |   0.0 |       0 |      35 |   0.0 |   690
               +---------+---------+-------+---------+---------+-------+---------
           D:1 |       0 |      13 |   0.0 |       0 |       8 |   0.0 |   186
           D:2 |       0 |      55 |   0.0 |       0 |      15 |   0.0 |   329
           D:3 |       0 |      31 |   0.0 |       0 |      12 |   0.0 |   175
               +---------+---------+-------+---------+---------+-------+---------
